 Dungeon Crawl Stone Soup version 0.23.2-33-g5129a83184 (webtiles) character file.

Game seed: 15442751195543703836

1524 Aesthetico the Fighter (level 8, -3/72 HPs)
             Began as a Barachi Monk on July 19, 2019.
             Slain by a two-headed ogre
             ... wielding a +0 dire flail
              (14 damage)
             ... on level 6 of the Dungeon.
             The game lasted 00:21:18 (5855 turns).

Aesthetico the Fighter (Barachi Monk)               Turns: 5855, Time: 00:21:18

Health: -3/72      AC:  6    Str: 15    XL:     8   Next: 84%
Magic:  8/8        EV: 13    Int: 10    God:
Gold:   293        SH:  0    Dex: 15    Spells: 7/7 levels left

rFire    . . .     SeeInvis .   a - +1 falchion
rCold    . . .     Gourm    .   (no shield)
rNeg     . . .     Faith    .   b - +0 robe
rPois    +         Spirit   .   (no helmet)
rElec    .         Reflect  .   q - +0 cloak
rCorr    .         Harm     .   (no gloves)
MR       .....                  (no boots)
Stlth    ++........             (no amulet)
HPRegen  0.22/turn              f - +3 ring of protection
MPRegen  0.11/turn              i - ring of poison resistance

@: slow
A: +LOS, swims, slowness 1, strong legs 1
a: Hop


You were on level 6 of the Dungeon.
You were very hungry.

You visited 1 branch of the dungeon, and saw 6 of its levels.

You collected 293 gold pieces.

Inventory:

Hand Weapons
 a - a +1 falchion (weapon)
 o - a +0 longbow
Missiles
 m - 23 arrows
 H - 7 javelins (quivered)
Armour
 b - a +0 robe (worn)
 g - a +1 buckler
 q - a +0 cloak (worn)
Jewellery
 d - an uncursed ring of protection from fire
 f - a +3 ring of protection (left hand)
 i - a ring of poison resistance (right hand)
 n - an uncursed ring of fire
 u - an uncursed ring of see invisible {unknown}
 x - an uncursed ring of protection from fire
 B - an uncursed ring of flight {unknown}
Wands
 k - a wand of polymorph (2)
 y - a wand of digging (4)
Scrolls
 h - 3 scrolls of remove curse
 l - 3 scrolls of amnesia {unknown}
 p - 6 scrolls of identify
 r - a scroll of enchant weapon
 s - 2 scrolls of random uselessness {unknown}
 t - 2 scrolls of noise {unknown}
 w - a scroll of enchant armour
 z - 2 scrolls of teleportation
 D - a scroll of immolation {unknown}
Potions
 e - a potion of agility
 j - a potion of brilliance
 F - a potion of flight
Comestibles
 c - 9 rations


   Skills:
 + Level 10.1 Fighting
 - Level 9.4 Long Blades
 - Level 3.2 Dodging
 - Level 1.7 Stealth


You had 7 spell levels left.
You didn't know any spells.
Your spell library contained the following spells:

 Spells                   Type           Power        Failure   Level  Hunger
 Corona                   Hex            #......      36%         1    ##.....
 Flame Tongue             Conj/Fire      #....        36%         1    ##.....
 Slow                     Hex            #.......     50%         2    ###....
 Throw Flame              Conj/Fire      #.....       50%         2    ###....
 Conjure Flame            Conj/Fire      #.......     75%         3    ####...
 Inner Flame              Hex/Fire       #.......     75%         3    ####...
 Portal Projectile        Hex/Tloc       #.....       75%         3    ####...
 Cause Fear               Hex            #.........   98%         4    #####..
 Leda's Liquefaction      Hex/Erth       #.........   98%         4    #####..
 Sticky Flame             Conj/Fire      #.......     98%         4    #####..
 Fireball                 Conj/Fire      #.........   100%        5    ######.


Dungeon Overview and Level Annotations

Branches:
Dungeon (6/15)
 Temple: D:4-7

Altars:
Hepliaklqana
Qazlal
Vehumet


Innate Abilities, Weirdness & Mutations

Shadows flee at your approach. (+LOS)
You can swim through water.
You cover ground slowly.
You can hop short distances.


Message History

There is an open door here.
You feel sick.
You feel sick.
You are no longer poisoned.
c - 9 rations (gained 1)
You open the door.
A two-headed ogre comes into view.
It is wielding a +0 dire flail and a +0 giant club.
The two-headed ogre shouts in stereo!
A two-headed ogre is nearby!
There are no items here.
You hit the two-headed ogre but do no damage.
The two-headed ogre closely misses you.
The two-headed ogre hits you with a +0 giant club!!
Unknown command.
You barely miss the two-headed ogre. You barely miss the two-headed ogre.
The two-headed ogre hits you with a +0 dire flail!
* * * LOW HITPOINT WARNING * * *
The two-headed ogre hits you with a +0 giant club!
You die...

### ..# ..# ..#
######## ..# #......#
..# #......#
..#######......#######
##.))).†'......'@O...#
...######......#####.#
...# #......# #.# ..)#
#......# #O#
...############# #'#
........... ...
........... ....+
..######### .....# ..#
###### ......#


You could see a two-headed ogre.

Vanquished Creatures
  Duvessa (D:6)
  A sky beast (D:5)
  2 ogres
  A phantom (D:4)
  A centaur (D:5)
  Dowan (D:6)
  A scorpion (D:4)
  4 killer bees (D:6)
  2 howler monkeys
  A bullfrog skeleton (D:5)
  A jelly (D:5)
  A centaur skeleton (D:5)
  Natasha (thrice) (D:4 D:6)
  An iguana (D:4)
  6 orc wizards
  3 worker ants
  A worker ant zombie (D:5)
  7 adders
  An adder skeleton (D:4)
  A worm (D:3)
  2 dart slugs
  2 leopard geckos (D:4)
  22 orcs
  8 bats
  5 giant cockroaches
  8 goblins
  8 hobgoblins
  7 jackals
  5 quokkas
  A ball python (D:4)
  A ball python skeleton (D:4)
  5 frilled lizards
  6 kobolds
  8 rats
128 creatures vanquished.

Vanquished Creatures (others)
  An orc wizard (D:4)
1 creature vanquished.

Grand Total: 129 creatures vanquished

Notes
Turn   | Place    | Note
-------+----------+-------------------------------------------
     0 | D:1      | Aesthetico the Barachi Monk began the quest for the Orb.
     0 | D:1      | Reached XP level 1. HP: 18/18 MP: 1/1
    83 | D:1      | Reached XP level 2. HP: 21/24 MP: 2/2
   731 | D:1      | Reached skill level 5 in Long Blades
   731 | D:1      | Reached XP level 3. HP: 26/29 MP: 3/3
  1523 | D:2      | Reached XP level 4. HP: 36/36 MP: 4/4
  2429 | D:3      | Reached XP level 5. HP: 41/41 MP: 5/5
  2485 | D:3      | Found a hazy altar of Hepliaklqana.
  2972 | D:4      | Reached XP level 6. HP: 42/47 MP: 6/6
  3003 | D:4      | Noticed a phantom
  3099 | D:4      | Killed a phantom
  3127 | D:4      | Found a radiant altar of Vehumet.
  3393 | D:4      | Found a stormy altar of Qazlal.
  3483 | D:4      | Noticed Natasha
  3490 | D:4      | Killed Natasha
  3513 | D:4      | Noticed Natasha
  3521 | D:4      | Killed Natasha
  3523 | D:4      | Noticed Natasha
  3550 | D:4      | Reached XP level 7. HP: 39/52 MP: 7/7
  3665 | D:4      | Reached skill level 4 in Fighting
  4208 | D:4      | Reached skill level 5 in Fighting
  4272 | D:5      | Entered Level 5 of the Dungeon
  4379 | D:5      | Reached skill level 6 in Fighting
  4390 | D:5      | Reached XP level 8. HP: 15/65 MP: 8/8
  4792 | D:5      | Reached skill level 7 in Fighting
  4880 | D:5      | Reached skill level 8 in Fighting
  5359 | D:6      | Noticed Dowan
  5361 | D:6      | Noticed Duvessa
  5397 | D:6      | Killed Natasha
  5429 | D:6      | Killed Duvessa
  5429 | D:6      | Reached skill level 9 in Fighting
  5459 | D:6      | Killed Dowan
  5826 | D:6      | Reached skill level 10 in Fighting
  5845 | D:6      | Noticed a two-headed ogre
  5855 | D:6      | Slain by a two-headed ogre

Skill      XL: |  1  2  3  4  5  6  7  8 |
---------------+-------------------------+-----
Long Blades    | 4 5 6 7 9 |  9.4
Fighting       | 6 10 | 10.1
Dodging        | |  3.2
Stealth        | |  1.7

Action                   |  1- 3 |  4- 6 |  7- 9 || total
-------------------------+-------+-------+-------++-------
Melee: Falchion          |    96 |   197 |   251 ||   544
Throw: Javelin           |       |       |     2 ||     2
 Abil: Hop               |       |     1 |       ||     1
  Use: Scroll            |     5 |     2 |     1 ||     8
       Potion            |     1 |       |    14 ||    15
 Stab: Sleeping          |     3 |     3 |     1 ||     7
  Eat: Chunk             |     3 |     7 |     7 ||    17
Armor: Robe              |    36 |    40 |    65 ||   141
       Skin              |       |       |     3 ||     3
Dodge: Dodged            |    89 |   113 |   149 ||   351
       Rpst.: Falchion   |    34 |    40 |    39 ||   113
